 Dungeon Crawl Stone Soup version 0.27-a0-686-gaed091b46b (webtiles) character file.

Game seed: 15826254082380322786

148 dolemite99 the Twirler (level 5, -1/42 HPs)
             Began as a Minotaur Gladiator on Mar 21, 2021.
             Slain by a lemure (2 damage)
             ... led by Pikel
             ... on level 3 of the Dungeon.
             The game lasted 00:03:47 (4495 turns).

dolemite99 the Twirler (Minotaur Gladiator)         Turns: 4495, Time: 00:03:48

Health: -1/42      AC:  5    Str: 19    XL:     5   Next: 8%
Magic:  13/13      EV: 11    Int:  5    God:
Gold:   105        SH:  0    Dex: 12    Spells: 4/4 levels left

rFire    . . .     SeeInvis .   a - +0 quarterstaff
rCold    . . .     Faith    .   (shield currently unavailable)
rNeg     . . .     Spirit   .   e - +0 ring mail
rPois    .         Reflect  .   c - +0 hat
rElec    .         Harm     .   (no cloak)
rCorr    .         Rampage  .   (no gloves)
Will     .....                  (no boots)
Stlth    +.........             (no amulet)
HPRegen  0.14/turn              n - ring of magical power
MPRegen  0.13/turn              (no ring)

@: no status effects
A: horns 2, retaliatory headbutt
a: no special abilities


You were on level 3 of the Dungeon.
You visited 1 branch of the dungeon, and saw 4 of its levels.

You collected 105 gold pieces.

Inventory:

Hand Weapons
 a - a +0 quarterstaff (weapon)
 x - a +0 hunting sling
Missiles
 d - 3 throwing nets (quivered)
 f - 12 arrows
 g - 12 sling bullets
 i - 18 stones
 q - 30 bolts
 y - 14 poisoned darts
Armour
 b - a +0 leather armour
 c - a +0 hat (worn)
 e - a +0 ring mail (worn)
Magical Staves
 w - a staff of cold
Jewellery
 k - an amulet of the acrobat
 n - a ring of magical power (right hand)
 r - a +6 ring of dexterity
Wands
 s - a wand of polymorph (10)
 u - a wand of flame (17)
Scrolls
 h - 2 scrolls of magic mapping {unknown}
 j - a scroll of fear {unknown}
 m - a scroll of fog {unknown}
 o - 3 scrolls of enchant armour {unknown}
 p - a scroll of vulnerability {unknown}
 t - a scroll of amnesia {unknown}
 v - a scroll of identify {unknown}


   Skills:
 - Level 2.4 Fighting
 + Level 7.0 Staves
 - Level 2.0 Throwing
 - Level 3.2 Dodging


You had 4 spell levels left.
You didn't know any spells.
Your spell library contained the following spells:

 Spells                   Type           Power      Damage    Failure   Level
 Magic Dart               Conj           0%         1d3       67%         1
 Blink                    Tloc           N/A        N/A       80%         2
 Call Imp                 Summ           0%         N/A       80%         2
 Slow                     Hex            0%         N/A       80%         2
 Conjure Flame            Conj/Fire      0%         6-21      95%         3
 Mephitic Cloud           Conj/Pois/Air  0%         N/A       95%         3


Dungeon Overview and Level Annotations

Branches:
Dungeon (4/15)
 Temple: D:4-7

Altars:

Annotations:
D:4 Pikel


Innate Abilities, Weirdness & Mutations

You have a pair of horns on your head.
You reflexively headbutt those who attack you in melee.


Message History

The lemure completely misses you. The lemure hits you but does no damage.
You hit the lemure.
The lemure is almost dead.
The lemure hits you.
* * * LOW HITPOINT WARNING * * *
You sock the lemure!
You kill the lemure!
That felt strangely unrewarding.
The lemure hits you.
* * * LOW HITPOINT WARNING * * *
The lemure barely misses you.
There is an open door here.
You closely miss the lemure. The lemure misses you.
You barely miss the lemure. Your headbutt misses the lemure.
The lemure closely misses you.
You barely miss the lemure. Your headbutt misses the lemure.
The lemure hits you!
* * * LOW HITPOINT WARNING * * *
You hit the lemure. Your headbutt misses the lemure.
The lemure is lightly wounded.
The lemure completely misses you.
There is a stone staircase leading down here.
Aiming: Throw Flame
Press: ? - help, Shift-Dir - straight line, f - lemure
Aim: a lemure (lightly wounded, 40% to evade)
The puff of flame hits the lemure.
The lemure is moderately wounded.
You miss the lemure. Your headbutt misses the lemure.
The lemure is moderately wounded.
The lemure hits you.
* * * LOW HITPOINT WARNING * * *
Unknown command.
The lemure hits you.
* * * LOW HITPOINT WARNING * * *
Aiming: Throw Flame
Press: ? - help, Shift-Dir - straight line, f/p - lemure
Aim: a lemure (lightly wounded, 40% to evade)
The puff of flame hits the lemure.
The lemure is moderately wounded.
The lemure hits you.
You die...

########## #....5@..#
#.######.# #.######.#
#.#.....[#
#.#.###################
#.#.# #...............
#.#.# #.###...........
#.#.# #.# #.##########
#.#.# #.# #.#


You could see a lemure.

Vanquished Creatures
  3 lemures (D:3)
  Ijyb (D:3)
  An orc wizard (D:3)
  2 adders
  4 worms
  A dart slug (D:2)
  3 leopard geckos (D:2)
  3 orcs (D:3)
  3 giant cockroaches
  6 hobgoblins
  9 kobolds
  3 quokkas
  2 ball pythons (D:1)
  5 bats
  6 frilled lizards
  9 goblins
  5 rats
66 creatures vanquished.

Notes
Turn   | Place    | Note
-------+----------+-------------------------------------------
     0 | D:1      | dolemite99 the Minotaur Gladiator began the quest for the
                  | Orb.
     0 | D:1      | Reached XP level 1. HP: 18/18 MP: 0/0
   476 | D:1      | Reached skill level 4 in Staves
   757 | D:1      | Reached XP level 2. HP: 22/25 MP: 1/1
  1470 | D:2      | Reached skill level 5 in Staves
  1671 | D:2      | Reached XP level 3. HP: 30/30 MP: 2/2
  2346 | D:3      | Noticed Ijyb
  2360 | D:3      | Killed Ijyb
  2361 | D:3      | Reached skill level 6 in Staves
  2361 | D:3      | Reached XP level 4. HP: 11/37 MP: 3/3
  3145 | D:3      | Reached XP level 5. HP: 26/42 MP: 4/4
  3435 | D:3      | Reached skill level 7 in Staves
  3778 | D:4      | Noticed Pikel
  3778 | D:4      | Noticed a lemure
  3778 | D:4      | Noticed a lemure
  3778 | D:4      | Noticed a lemure
  3779 | D:4      | Noticed a lemure
  3852 | D:3      | Killed a lemure
  4192 | D:3      | Killed a lemure
  4452 | D:3      | Killed a lemure
  4457 | D:3      | HP: 1/42 [lemure[Pikel] (8)]
  4482 | D:3      | HP: 1/42 [lemure[Pikel] (3)]
  4490 | D:3      | HP: 1/42 [lemure[Pikel] (2)]
  4495 | D:3      | Slain by a lemure

Illustrated notes

Levels and vault maps discovered:
D:1:      wander_arrival_chamber, layout_rooms, eino_curves_01, minmay_cupped
D:2:      layout_rooms, minmay_misc_feat_columns
D:3:      layout_basic, uniq_ijyb
D:4:      layout_rooms, uniq_pikel

Skill      XL: |  1  2  3  4  5 |
---------------+----------------+-----
Staves         | 4 5 6 7 |  7.0
Fighting       | |  2.4
Throwing       | |  2.0
Dodging        | |  3.2

Action                   |  1- 3 |  4- 6 || total
-------------------------+-------+-------++-------
Melee: Quarterstaff      |    86 |    67 ||   153
       Headbutt          |    12 |     9 ||    21
Evoke: Wand              |       |     2 ||     2
  Use: Potion            |       |     1 ||     1
Armor: Ring mail         |    38 |    14 ||    52
Dodge: Dodged            |    58 |    42 ||   100

Table legend: (Time is in decaauts)
 A = Elapsed time spent in this place.
 B = Non-inter-level travel time spent in this place.
 C = Inter-level travel time spent in this place.
 D = Time resting spent in this place.
 E = Time spent auto-exploring this place.
 F = Levels seen in this place.
 G = Mean time per level.
                   A        B        C        D        E       F      G
               +--------+--------+--------+--------+--------+-----+--------+
         Total |   4499 |   4339 |    160 |   2381 |   1332 |   4 | 1124.8 |
       Dungeon |   4499 |   4339 |    160 |   2381 |   1332 |   4 | 1124.8 |
               +--------+--------+--------+--------+--------+-----+--------+

Top non-repeatable levels by time:
     D:3: 2249 daAuts
     D:1: 1429 daAuts
     D:2: 802 daAuts
     D:4: 18 daAuts
